 Dungeon Crawl Stone Soup version 0.29-a0-919-gd064cfad1c (webtiles) character file.

Game seed: 6197285769842950153

9 Hubjo the Insei (level 2, -2/21 HPs)
             Began as a Demonspawn Transmuter on July 26, 2022.
             Slain by a kobold
             ... wielding a +0 dagger
              (4 damage)
             ... on level 1 of the Dungeon.
             The game lasted 00:00:24 (309 turns).

Hubjo the Insei (Demonspawn Transmuter)              Turns: 309, Time: 00:00:25

Health: -2/21      AC:  2    Str: 10    XL:     2   Next: 3%
Magic:  5/5        EV: 12    Int: 14    God:
Gold:   7          SH:  0    Dex: 13    Spells: 4/5 levels left

rFire   . . .      SeeInvis .     - Unarmed
rCold   . . .      Faith    .   (no shield)
rNeg    . . .      Spirit   .   a - +0 robe
rPois   .          Reflect  .   (no helmet)
rElec   .          Harm     .   (no cloak)
rCorr   .          Rampage  .   (no gloves)
Will    .....                   (no boots)
Stlth   +.........              (no amulet)
HPRegen 0.07/turn               (no ring)
MPRegen 0.09/turn               (no ring)

@: no status effects
A: hooves 1
a: no special abilities


You were on level 1 of the Dungeon.
You visited 1 branch of the dungeon, and saw 1 of its levels.

You collected 7 gold pieces.

Inventory:

Armour
 a - a +0 robe (worn)
Scrolls
 c - a scroll of immolation {unknown}
Potions
 b - a potion of lignification


   Skills:
 * Level 1.5 Fighting
 - Level 1.7 Dodging
 + Level 2.8 Unarmed Combat
 + Level 2.1 Spellcasting
 + Level 1.9 Transmutations


You had 4 spell levels left.
You knew the following spells:

 Your Spells              Type           Power      Damage    Failure   Level
a - Beastly Appendage     Tmut           14%        N/A       11%         1

Your spell library contained the following spells:

 Spells                   Type           Power      Damage    Failure   Level
 Wereblood                Tmut           7%         N/A       16%         2
 Spider Form              Tmut/Pois      4%         N/A       43%         3
 Ice Form                 Ice/Tmut       4%         N/A       83%         4


Dungeon Overview and Level Annotations

Branches:
Dungeon (1/15)

Altars:


Innate Abilities, Weirdness & Mutations

You have large cloven feet.


Message History

A kobold is nearby!
A kobold is nearby!
A kobold is nearby!
A kobold is nearby!
A kobold is nearby!
A kobold is nearby!
The kobold hits you with a +0 dagger. The kobold closely misses you.
The kobold hits you with a +0 dagger. The kobold barely misses you.
The kobold hits you with a +0 dagger. The kobold hits you but does no damage.
The kobold hits you with a +0 dagger. The kobold closely misses you.
The kobold closely misses you. The kobold misses you.
The kobold barely misses you. The kobold closely misses you.
The kobold closely misses you. The kobold barely misses you.
The kobold barely misses you. The kobold hits you but does no damage.
The kobold misses you. The kobold closely misses you.
The kobold barely misses you. The kobold misses you.
The kobold closely misses you. The kobold hits you with a +0 dagger.
The kobold hits you with a +0 dagger. The kobold misses you.
The kobold hits you with a +0 dagger. The kobold hits you with a +0 dagger.
* * * LOW HITPOINT WARNING * * *
The kobold barely misses you. The kobold completely misses you.
The kobold hits you with a +0 dagger.
* * * LOW HITPOINT WARNING * * *
The kobold barely misses you. The kobold hits you with a +0 dagger.
You die...

)......... ....###...
............# ÷....#..#.
...........# ..........
..........# ......###.
#.........# ......# #.##
#.........# ...÷#.###..#
#..........
.......###.###.........#
........†.......@K.....#
##.......##....#######..
#####.............
####..........#
###........# #........#
#........# #?.......#


You could see a kobold.

Vanquished Creatures
  A ball python (D:1)
  A bat (D:1)
  2 endoplasms (D:1)
  A kobold (D:1)
  3 rats (D:1)
8 creatures vanquished.

Notes
Turn   | Place    | Note
-------+----------+-------------------------------------------
     0 | D:1      | Hubjo the Demonspawn Transmuter began the quest for the
                  | Orb.
     0 | D:1      | Reached XP level 1. HP: 15/15 MP: 3/3
   254 | D:1      | Lost mutation: You have razor-sharp toenails. [demonic
                  | ancestry]
   254 | D:1      | Lost mutation: You have sharp toenails. [demonic ancestry]
   254 | D:1      | Gained mutation: You have large cloven feet. [demonic
                  | ancestry]
   254 | D:1      | Reached XP level 2. HP: 21/21 MP: 3/5
   309 | D:1      | Slain by a kobold

Illustrated notes

Levels and vault maps discovered:
D:1:      minmay_arrival_shattered_statue, layout_rooms,
          shapermc_ecumenical_altar_mp_urbaneastern

Action                   || total
-------------------------++-------
Melee: Unarmed           ||    21
       Kick              ||     4
 Cast: Beastly Appendage ||     4
Armor: Robe              ||     6
Dodge: Dodged            ||    30

Table legend: (Time is in decaauts)
 A = Elapsed time spent in this place.
 B = Non-inter-level travel time spent in this place.
 C = Inter-level travel time spent in this place.
 D = Time resting spent in this place.
 E = Time spent auto-exploring this place.
 F = Levels seen in this place.
 G = Mean time per level.
                   A        B        C        D        E       F      G
               +--------+--------+--------+--------+--------+-----+--------+
         Total |    307 |    307 |      0 |      0 |    229 |   1 |  307.0 |
       Dungeon |    307 |    307 |      0 |      0 |    229 |   1 |  307.0 |
               +--------+--------+--------+--------+--------+-----+--------+

Top non-repeatable levels by time:
     D:1: 307 daAuts
